Map: Simulacrum LE

Players

Serral - Winner!

  • Race: Zerg Zerg
  • League: Master
  • Spawn Location: 5:00

BlyOnFire (Bly)

  • Race: Zerg Zerg
  • League: Grandmaster
  • Spawn Location: 11:00

Event: StayAtHomestory Cup #1

VOD

Have the link to the VOD?

Description

Time

  • Played on: April 10, 2020, 10:13 a.m.
  • Length: 8:21

All games in this series

Show
View Real Time Build Order
Export as new Build Order

Serral Zerg - Winner!

Build Orders: Hatch First, Zergling Baneling 

Get SALT Encoding   

  12  0:00  Drone  
  13  0:13  Overlord  
  13  0:16  Drone  
  14  0:31  Drone x2  
  16  0:49  Hatchery  
  15  0:51  Drone  
  15  0:55  Drone  
  17  0:58  Drone  
  18  1:09  Extractor  
  17  1:13  Spawning Pool  
  17  1:16  Drone  
  17  1:20  Drone  
  18  1:29  Drone  
  19  1:39  Drone  
  20  1:56  Overlord  
  20  2:00  Queen x2  
  20  2:01  Zergling x4  
  26  2:09  Metabolic Boost  
  26  2:11  Zergling x2  
  26  2:14  Zergling x2  
  28  2:26  Zergling x4  
  27  2:39  Zergling x2  
  27  2:40  Zergling x2, Baneling Nest  
  27  2:43  Queen  
  30  2:54  Overlord  
  30  2:56  Zergling x2  
  30  2:57  Zergling x2  
  32  2:58  Zergling x2  
  33  3:07  Zergling x4  
  35  3:24  Baneling x2  
  35  3:26  Zergling x6  
  34  3:36  Zergling x8  
  34  3:41  Baneling x2  
  34  3:47  Drone x2  
  35  3:53  Drone  
  35  3:54  Drone  
  37  4:00  Overlord  
  37  4:05  Zergling x2  
  37  4:06  Zergling x2  
  39  4:11  Baneling x4  
  39  4:16  Overlord  
  39  4:20  Drone  
  39  4:22  Drone  
  41  4:26  Drone  
  41  4:27  Drone  
  43  4:31  Drone  
  43  4:36  Drone x2  
  44  4:41  Zergling x4  
  44  4:43  Drone  
  46  4:48  Baneling x2  
  46  4:49  Drone  
  47  4:53  Zergling x2  
  47  4:58  Zergling x2  
  48  5:01  Drone x2  
  48  5:02  Evolution Chamber  
  46  5:15  Drone x2  
  46  5:16  Hatchery  
  47  5:25  Drone  
  47  5:26  Extractor  
  47  5:27  Zergling x2, Extractor  
  47  5:28  Roach Warren  
  47  5:33  Zerg Ground Armor Level 1  
  46  5:36  Drone x2  
  46  5:38  Baneling x2  
  46  5:41  Drone  
  46  5:42  Drone  
  51  5:46  Overlord  
  51  5:48  Baneling x2  
  51  5:51  Extractor  
  51  5:52  Drone x2  
  51  5:55  Drone  
  53  6:01  Zergling x4  
  53  6:02  Drone x2  
  53  6:03  Drone  
  51  6:23  Roach x6  
  62  6:27  Roach x2  
  62  6:28  Roach  
  62  6:30  Overlord  
  68  6:35  Roach  
  68  6:36  Roach  
  71  6:48  Roach, Overlord  
  71  6:49  Roach x3  
  79  6:56  Zergling x6  
  82  7:06  Zergling x12, Roach  
  90  7:12  Overlord  
  90  7:14  Baneling  
  90  7:15  Baneling x5  
  89  7:22  Overlord x2  
  89  7:32  Drone x2  
  91  7:37  Drone  
  91  7:41  Evolution Chamber  
  91  7:46  Roach x3  
  91  7:48  Roach  
  87  7:52  Roach  
  87  7:55  Roach  
  84  8:00  Zergling x4  
Show
View Real Time Build Order
Export as new Build Order

BlyOnFire Zerg 

Build Orders: Pool First, Zergling Baneling 

Get SALT Encoding   

  12  0:01  Drone  
  13  0:13  Overlord  
  13  0:18  Drone  
  14  0:31  Drone x2  
  16  0:40  Spawning Pool  
  15  0:45  Extractor  
  15  0:46  Drone  
  15  0:50  Drone  
  15  0:57  Drone  
  17  1:17  Hatchery  
  16  1:27  Zergling x4  
  16  1:28  Zergling x2  
  19  1:39  Queen  
  21  1:51  Metabolic Boost  
  21  1:59  Overlord  
  21  2:10  Drone, Baneling Nest  
  21  2:11  Drone  
  21  2:39  Zergling x8  
  25  2:49  Zergling x8  
  29  2:54  Baneling x5  
  29  2:59  Zergling x2  
  30  3:06  Zergling x2  
  30  3:07  Zergling x2  
  32  3:14  Zergling x4  
  34  3:25  Zergling x2  
  34  3:26  Baneling x3  
  32  3:40  Zergling x10  
  27  3:57  Drone x5  
  31  4:03  Baneling x4  
  31  4:05  Baneling  
  31  4:16  Zergling x6  
  34  4:18  Baneling  
  34  4:27  Overlord  
  34  4:31  Queen  
  34  4:36  Baneling x2  
  33  4:40  Zergling x4  
  33  4:47  Zergling x2  
  33  4:50  Baneling x2  
  33  4:59  Drone x2  
  34  5:07  Drone x4  
  38  5:21  Hatchery  
  37  5:34  Zergling x2  
  37  5:35  Zergling x6  
  41  5:39  Baneling x2  
  41  5:43  Zergling x6, Overlord  
  41  5:45  Overlord  
  44  5:50  Overlord  
  43  6:03  Zergling x2  
  43  6:04  Zergling x6  
  38  6:11  Zergling x6  
  38  6:16  Zergling x8  
  43  6:25  Extractor  
  41  6:31  Zergling x4  
  43  6:34  Baneling x3  
  43  6:39  Zergling x6  
  46  6:49  Zergling x14  
  53  6:59  Zergling x6  
  55  7:12  Zergling x12  
  61  7:18  Baneling x10  
  61  7:20  Baneling  
  61  7:21  Baneling  
  61  7:23  Baneling  
  61  7:24  Baneling  
  61  7:30  Zergling x4  
  61  7:31  Baneling  
  61  7:36  Overlord  
  56  7:48  Zergling x10  
  52  7:58  Zergling x4  
Tags
 
Add a new tag
Caveats
  • Supply blocks, unpowered buildings, or Contaminate may cause inaccurate times.
  • Supply counts are checked every 10 seconds.